 Dungeon Crawl Stone Soup version 0.31-a0-543-geaa9c7a2c0 (webtiles) character file.

Game seed: 10336232514974185382

40 AdnanSaban the Covered (level 3, -5/23 HPs)
             Began as a Gargoyle Fighter on Aug 15, 2023.
             Slain by Natasha (7 damage)
             ... on level 2 of the Dungeon.
             The game lasted 00:01:10 (839 turns).

AdnanSaban the Covered (Gargoyle Fighter)            Turns: 839, Time: 00:01:11

Health: -5/23      AC: 12    Str: 21    XL:     3   Next: 50%
Magic:  3/3        EV:  9    Int:  8    God:
Gold:   60         SH:  4    Dex:  9    Spells: 2/2 levels left

rFire   . . .        a - +0 flail
rCold   . . .        c - +0 buckler
rNeg    + . .        b - +0 scale mail
rPois   ∞            (no helmet)
rElec   +            (no cloak)
rCorr   .            l - +0 pair of gloves
SInv    .            h - +0 pair of boots
Will    .....        (no amulet) Stlth
                     (no ring)
HPRegen 0.23/turn    (no ring)
MPRegen 0.08/turn

%: no passive effects
@: slowed, very slow
A: sickness immunity, AC +3, negative energy resistance 1, electricity
resistance, torment resistance 1, petrification resistance
a: no special abilities


You were on level 2 of the Dungeon.
You visited 1 branch of the dungeon, and saw 2 of its levels.

You collected 60 gold pieces.

Inventory:

Hand Weapons
 a - a +0 flail (weapon)
Missiles
 e - 2 poisoned darts
Armour
 b - a +0 scale mail (worn)
 c - a +0 buckler (worn)
 h - a +0 pair of boots (worn)
 l - a +0 pair of gloves (worn)
Scrolls
 f - a scroll of poison {unknown}
 g - a scroll of amnesia {unknown}
 i - a scroll of identify {unknown}
 j - a scroll of teleportation {unknown}
 k - a scroll of enchant weapon {unknown}
 m - a scroll of silence {unknown}
 n - 2 scrolls of revelation {unknown}
Potions
 d - 2 potions of might


   Skills:
 + Level 3.5 Fighting
 + Level 2.5 Maces & Flails
 + Level 3.8 Armour
 + Level 0.3 Dodging
 + Level 3.6 Shields


You had 2 spell levels left.
You didn't know any spells.
Your spell library contained the following spells:

 Spells                   Type           Power      Damage    Failure   Level
 Freeze                   Ice            0%         1d3       82%         1
 Frozen Ramparts          Ice            0%         1d1       99%         3
 Hailstorm                Conj/Ice       0%         3d3       99%         3


Dungeon Overview and Level Annotations

Branches:
Dungeon (2/15)

Altars:

Shops:
D:1 :==

Annotations:
D:2 Natasha


Innate Abilities, Weirdness & Mutations

You are immune to sickness and miasma.
Your stone body is resilient. (AC +3)
You are immune to poison.
You resist negative energy. (rN+)
You are resistant to electric shocks. (rElec)
You are resistant to unholy torment.
You are immune to petrification.


Message History

Natasha claws you but does no damage.
The cerulean imp hits you but does no damage.
You are too injured to fight recklessly!
You are too injured to fight recklessly!
You are too injured to fight recklessly!
You closely miss Natasha. The cerulean imp closely misses you.
You block the cerulean imp's attack.
The cerulean imp hits you but does no damage.
Natasha claws you but does no damage. The cerulean imp barely misses you.
The cerulean imp hits you but does no damage.
You block Natasha's attack. The cerulean imp barely misses you.
You hit Natasha.
Natasha is moderately wounded.
The cerulean imp disappears in a puff of smoke!
You block the cerulean imp's attack.
The cerulean imp hits you but does no damage.
Natasha claws you.
* * * LOW HITPOINT WARNING * * *
The cerulean imp barely misses you.
Natasha wildly gestures.
You feel disoriented. Natasha claws you but does no damage.
The cerulean imp barely misses you.
You barely miss Natasha.
Natasha is moderately wounded.
You block the cerulean imp's attack. The cerulean imp barely misses you.
Natasha claws you but does no damage.
The cerulean imp hits you from afar with a +1 spear.
* * * LOW HITPOINT WARNING * * *
The cerulean imp closely misses you.
Natasha mumbles some strange words.
The cerulean imp hits you but does no damage.
You barely miss Natasha.
Natasha is moderately wounded.
The cerulean imp disappears in a puff of smoke!
Natasha claws you but does no damage.
The cerulean imp hits you with a +1 spear.
* * * LOW HITPOINT WARNING * * *
The cerulean imp hits you but does no damage.
Natasha claws you!
You die...

... ... #.#
######
####.##.....#
....#......#
###..#.h§...#
#....#@5....# #
#....5......#
#.##.#.##.####.#
#......##.#
####.####.. #.#
#### #.# #.#
.######.#######


You could see Natasha and 2 cerulean imps.

Vanquished Creatures
  2 worms (D:2)
  4 bats
  5 endoplasms
  2 giant cockroaches
  3 goblins (D:1)
  2 hobgoblins
  3 kobolds (D:1)
  2 quokkas (D:1)
  4 ball pythons (D:1)
  A frilled lizard (D:1)
  3 rats (D:1)
31 creatures vanquished.

Notes
Turn   | Place    | Note
-------+----------+-------------------------------------------
     0 | D:1      | AdnanSaban the Gargoyle Fighter began the quest for the
                  | Orb.
     0 | D:1      | Reached XP level 1. HP: 14/14 MP: 1/1
    17 | D:1      | Found Abuad's Jewellery Emporium.
    74 | D:1      | Reached XP level 2. HP: 19/19 MP: 2/2
   246 | D:1      | Found Lonlein's Book Shop.
   357 | D:1      | Reached XP level 3. HP: 20/23 MP: 3/3
   432 | D:1      | Found Nuron's Jewellery Emporium.
   827 | D:2      | Noticed Natasha
   839 | D:2      | Slain by Natasha

Illustrated notes

Levels and vault maps discovered:
D:1:      minmay_arrival_five_plusses, layout_rooms, serial_shops, shop, shop,
          shop, minmay_tripent
D:2:      layout_loops_cross, basic_altar, uniq_natasha

Action                     || total
---------------------------++-------
  Melee: Flail             ||   119
 Armour: Scale mail        ||   106
  Dodge: Dodged            ||    72
  Block: Buckler           ||    33

Table legend: (Time is in decaauts)
 A = Elapsed time spent in this place.
 B = Non-inter-level travel time spent in this place.
 C = Inter-level travel time spent in this place.
 D = Time resting spent in this place.
 E = Time spent auto-exploring this place.
 F = Levels seen in this place.
 G = Mean time per level.
                   A        B        C        D        E       F      G
               +--------+--------+--------+--------+--------+-----+--------+
         Total |    879 |    855 |     24 |      0 |    572 |   2 |  439.5 |
       Dungeon |    879 |    855 |     24 |      0 |    572 |   2 |  439.5 |
               +--------+--------+--------+--------+--------+-----+--------+

Top non-repeatable levels by time:
     D:1: 562 daAuts
     D:2: 316 daAuts
